 Dungeon Crawl Stone Soup version 0.21.1-1-g345015f (webtiles) character file.

7682 wojtek the Cleaver (level 11, 0/95 HPs)
             Began as a Minotaur Fighter on July 21, 2018.
             Was a High Priest of Makhleb.
             Killed by vampiric draining
             ... invoked by Josephine
              (14 damage)
             ... on level 11 of the Dungeon.
             The game lasted 00:15:29 (10038 turns).

wojtek the Cleaver (Minotaur Fighter)              Turns: 10038, Time: 00:15:31

Health: 0/95       AC: 13    Str: 24    XL:     11   Next: 0%
Magic:  15/15      EV:  7    Int:  5    God:    Makhleb [*****.]
Gold:   522        SH: 17    Dex: 10    Spells: 10/10 levels left

rFire    . . .     SeeInvis .   Y - +2 hand axe (elec)
rCold    + . .     Gourm    .   C - +0 large shield
rNeg     . . .     Faith    .   r - +0 chain mail
rPois    .         Spirit   .   (helmet restricted)
rElec    .         Reflect  .   (no cloak)
rCorr    .         Harm     .   B - +0 pair of gloves
MR       +....                  y - +0 pair of boots
Stlth    ..........             K - amulet of regeneration
HPRegen  0.65/turn              G - ring of protection from magic
MPRegen  0.14/turn              D - ring of protection from cold

@: drained
A: retaliatory headbutt, horns 2
a: Minor Destruction, Lesser Servant of Makhleb, Major Destruction, Greater
Servant of Makhleb, Renounce Religion


You were on level 11 of the Dungeon.
You worshipped Makhleb.
Makhleb was extremely pleased with you.
You were not hungry.

You visited 1 branch of the dungeon, and saw 11 of its levels.
You also visited: Sewer.

You collected 643 gold pieces.
You spent 121 gold pieces at shops.

Inventory:

Hand Weapons
 a - a +0 war axe
 I - a +2 hand axe of chopping
 Q - a cursed +0 battleaxe
 Y - a +2 hand axe of electrocution (weapon)
Missiles
 z - 2 exploding tomahawks (quivered)
 W - a throwing net
Armour
 r - a +0 chain mail (worn)
 y - a +0 pair of boots (worn)
 B - a +0 pair of gloves (worn)
 C - a +0 large shield (worn)
Jewellery
 q - an uncursed ring of fire
 D - a ring of protection from cold (right hand)
 G - a ring of protection from magic (left hand)
 K - an amulet of regeneration (around neck)
Wands
 A - a wand of iceblast (9)
 J - a wand of enslavement (7)
 V - a wand of random effects (62)
 X - a wand of scattershot (6)
 Z - a wand of acid (11)
Scrolls
 b - a scroll of fog {unknown}
 d - a scroll of fear
 e - 2 scrolls of random uselessness {unknown}
 g - 2 scrolls of blinking {unknown}
 m - 3 scrolls of teleportation {unknown}
 n - 4 scrolls of remove curse
 p - 10 scrolls of identify
 u - 3 scrolls of immolation {unknown}
 v - 4 scrolls of enchant armour
 F - a scroll of enchant weapon {unknown}
 L - 2 scrolls of magic mapping {unknown}
 P - a scroll of amnesia {unknown}
 S - a scroll of holy word {unknown}
Potions
 c - a potion of might
 h - 2 potions of heal wounds
 i - 3 potions of brilliance {unknown}
 j - 6 potions of curing
 k - 2 potions of flight {unknown}
 l - 4 potions of degeneration {unknown}
 o - 3 potions of cancellation {unknown}
 s - a potion of mutation {unknown}
 t - 3 potions of ambrosia {unknown}
 w - 3 potions of magic {unknown}
 x - 7 potions of haste
 E - a potion of invisibility {unknown}
 H - 2 potions of lignification
 N - 2 potions of agility {unknown}
 O - a potion of berserk rage {unknown}
Books
 M - the Reference Book on Stolen Souls and Enchantment
   (You found it on level 6 of the Dungeon)

   Spells                             Type                      Level
   a - Confusing Touch                Hexes                        1
   b - Animate Skeleton               Necromancy                   1
   c - Spectral Weapon                Hexes/Charms                 3
   d - Leda's Liquefaction            Hexes/Earth                  4
   e - Summon Mana Viper              Hexes/Summoning              5
 R - a book of Changes

   Spells                             Type                      Level
   a - Beastly Appendage              Transmutation                1
   b - Sticks to Snakes               Transmutation                2
   c - Spider Form                    Transmutation/Poison         3
   d - Ice Form                       Ice/Transmutation            4
   e - Blade Hands                    Transmutation                5
 T - a book of Battle

   Spells                             Type                      Level
   a - Infusion                       Charms                       1
   b - Shroud of Golubria             Charms/Translocation         2
   c - Song of Slaying                Charms                       2
   d - Spectral Weapon                Hexes/Charms                 3
   e - Regeneration                   Charms/Necromancy            3
Comestibles
 f - 13 rations


   Skills:
 + Level 8.6(8.4) Fighting
 + Level 10.2(9.9) Axes
 + Level 8.4(8.2) Armour
 + Level 6.7(6.5) Dodging
 + Level 8.5(8.2) Shields
 + Level 7.4(7.2) Invocations


You had 10 spell levels left.
You didn't know any spells.

Dungeon Overview and Level Annotations

Branches:
Dungeon (11/15)            Temple (0/1) D:7
   Lair: D:8-11         Orc: D:9-12

Altars:
Kikubaaqudgha
Makhleb
Nemelex Xobeh
Sif Muna
Trog
Yredelemnul
Lugonu

Shops:
D:5 =   D:8 !   D:10 :

Annotations:
D:11 Grum, Josephine


Innate Abilities, Weirdness & Mutations

You reflexively headbutt those who attack you in melee.
You have a pair of horns on your head.


Message History

The wraith hits you but does no damage. Josephine hits you but does no damage.
The orc wizard miscasts a cantrip.
The orc wizard mumbles some strange words.
The orc wizard seems to speed up.
You block the wolf's attack. The wolf bites you.
* * * LOW HITPOINT WARNING * * *
You hear a shout!
As you read the scroll of fear, it crumbles to dust.
You assume a fearsome visage.
Grum looks frightened!
The wolf looks frightened! x4
Josephine looks frightened!
The wraith is unaffected. x3
The orc wizard looks frightened!
The orc looks frightened!
The orc wizard looks frightened!
The gargoyle is unaffected.
The orc wizard gestures wildly while chanting.
The orc wizard flickers and vanishes!
Deactivating autopickup; reactivate with Ctrl-A.
The wraith hits you.
* * * LOW HITPOINT WARNING * * *
The wraith barely misses you.
Josephine is infused with unholy energy.
You die...

#### ....
..... .....
.h.8..
###hg9...
###<...h...
#.W@##....#
...$..W@W# ..#
.........h! .
##.......$...
#.###.....>...
#. ..o.......
. #..(......
#.oo{#####


You could see Josephine (fleeing), Grum (fleeing), 3 wraiths, a gargoyle, 4
wolves, an orc wizard (fleeing) and 2 orcs.

Vanquished Creatures
  A two-headed ogre (D:9)
  Psyche (D:8)
  Joseph (D:8)
  The ghost of Ethylacetat the Skirmisher, an amateur NaAK of Lugonu (D:3)
  Grinder (D:3)
  A hippogriff (D:9)
  Prince Ribbit (D:8)
  7 yaks (D:9)
  A steam dragon (D:7)
  2 insubstantial wisps (D:7)
  2 orc warriors
  3 ice beasts
  5 sky beasts
  9 ogres
  A big kobold (D:8)
  3 bullfrogs
  A water moccasin zombie (D:8)
  4 scorpions
  4 wights (D:8)
  3 howler monkeys
  3 centaur zombies
  6 crimson imps
  2 bullfrog skeletons (D:5)
  A quasit (D:9)
  5 centaur skeletons
  4 orc priests
  3 hounds
  2 jellies
  Natasha (twice) (D:4)
  Ijyb (D:5)
  An iguana (D:6)
  6 orc wizards
  9 worker ants
  2 hound zombies
  2 hound skeletons
  2 worker ant zombies
  10 gnolls
  18 adders
  2 river rats (D:3)
  A shadow imp (D:7)
  An ooze (D:1)
  An adder zombie (D:7)
  An adder skeleton (D:9)
  2 worms
  A dart slug (D:4)
  9 leopard geckos
  51 orcs
  7 bats
  3 giant cockroaches
  7 goblins
  4 hobgoblins
  20 jackals
  4 quokkas
  5 ball pythons
  7 frilled lizards
  8 kobolds
  A leopard gecko zombie (D:5)
  A quokka skeleton (D:2)
  18 rats
285 creatures vanquished.

Vanquished Creatures (others)
  A giant cockroach (D:5)
1 creature vanquished.

Grand Total: 286 creatures vanquished

Notes
Turn   | Place    | Note
-------+----------+-------------------------------------------
     0 | D:1      | wojtek the Minotaur Fighter began the quest for the Orb.
     0 | D:1      | Reached XP level 1. HP: 19/19 MP: 0/0
    25 | D:1      | Reached skill level 3 in Axes
   216 | D:1      | Reached XP level 2. HP: 26/26 MP: 1/1
   301 | D:1      | Reached skill level 4 in Axes
   632 | D:1      | Reached XP level 3. HP: 31/31 MP: 2/2
  1200 | D:2      | Found a burning altar of Makhleb.
  1245 | D:2      | Noticed an Executioner
  1248 | D:2      | Noticed a ynoxinul
  1248 | D:2      | Noticed a neqoxec
  1250 | D:2      | Became a worshipper of Makhleb the Destroyer
  1335 | D:2      | Reached skill level 5 in Axes
  1517 | D:2      | Noticed a moth of wrath
  1521 | D:2      | Found a bloodstained altar of Trog.
  1532 | D:2      | Reached XP level 4. HP: 39/39 MP: 3/3
  1762 | D:3      | Found an ancient bone altar of Kikubaaqudgha.
  1919 | D:3      | Reached skill level 1 in Invocations
  1948 | D:3      | Noticed Grinder
  1957 | D:3      | Paralysed by Grinder for 4 turns
  1969 | D:3      | Paralysed by Grinder for 4 turns
  1999 | D:3      | Killed Grinder
  1999 | D:3      | Reached skill level 6 in Axes
  1999 | D:3      | Reached XP level 5. HP: 3/45 MP: 4/6
  1999 | D:3      | Reached XP level 6. HP: 3/51 MP: 4/7
  2054 | D:3      | Found a glowing drain.
  2058 | Sewer    | Entered a sewer
  2345 | Sewer    | Reached * piety under Makhleb
  2794 | D:3      | Noticed Ethylacetat's ghost (amateur NaAK)
  2996 | D:3      | HP: 1/51 [Ethylacetat's ghost (8)]
  2998 | D:3      | Killed Ethylacetat's ghost
  2998 | D:3      | Reached skill level 7 in Axes
  2998 | D:3      | Reached skill level 1 in Dodging
  2998 | D:3      | Reached XP level 7. HP: 2/59 MP: 8/8
  3753 | D:4      | Found a basalt altar of Yredelemnul.
  3763 | D:4      | Noticed Natasha
  3767 | D:4      | Killed Natasha
  4115 | D:4      | Noticed Natasha
  4123 | D:4      | Killed Natasha
  4757 | D:4      | Found a basalt altar of Yredelemnul.
  5116 | D:4      | Found a basalt altar of Yredelemnul.
  5581 | D:5      | Entered Level 5 of the Dungeon
  5736 | D:5      | Reached XP level 8. HP: 62/67 MP: 10/10
  5825 | D:5      | Reached skill level 5 in Fighting
  5837 | D:5      | Found Kysat's Jewellery Emporium.
  5890 | D:5      | Reached skill level 5 in Armour
  5971 | D:5      | Reached ** piety under Makhleb
  5994 | D:5      | Reached skill level 5 in Shields
  6113 | D:5      | Noticed Ijyb
  6137 | D:5      | Killed Ijyb
  6320 | D:5      | Reached skill level 5 in Invocations
  6388 | D:5      | Reached skill level 8 in Axes
  6532 | D:6      | Identified the Reference Book on Stolen Souls and Enchantment
  6711 | D:6      | Reached XP level 9. HP: 58/75 MP: 10/12
  7193 | D:6      | Found a deep blue altar of Sif Muna.
  7235 | D:7      | Reached *** piety under Makhleb
  7495 | D:7      | Reached skill level 9 in Axes
  7812 | D:7      | Reached skill level 5 in Dodging
  8062 | D:7      | Found a staircase to the Ecumenical Temple.
  8231 | D:8      | Noticed Psyche
  8256 | D:8      | Killed Psyche
  8436 | D:8      | Reached **** piety under Makhleb
  8441 | D:8      | Reached XP level 10. HP: 86/86 MP: 13/13
  8480 | D:8      | Noticed Joseph
  8481 | D:8      | Found Letyrgh's Distillery.
  8495 | D:8      | Killed Joseph
  8499 | D:8      | Bought a potion of heal wounds for 55 gold pieces
  8499 | D:8      | Bought a potion of curing for 33 gold pieces
  8526 | D:8      | Bought a potion of lignification for 33 gold pieces
  8695 | D:8      | Found a sparkling altar of Nemelex Xobeh.
  8751 | D:8      | Noticed Prince Ribbit
  8760 | D:8      | Killed Prince Ribbit
  9522 | D:9      | Reached ***** piety under Makhleb
  9565 | D:9      | Reached skill level 10 in Axes
  9696 | D:9      | Noticed a two-headed ogre
  9710 | D:9      | Killed a two-headed ogre
  9869 | D:10     | Entered Level 10 of the Dungeon
  9901 | D:10     | Found Genogg's Book Shoppe.
  9993 | D:10     | Reached XP level 11. HP: 95/95 MP: 15/15
 10011 | D:10     | Found a corrupted altar of Lugonu.
 10013 | D:10     | Noticed a soul eater
 10033 | D:11     | Noticed Grum
 10033 | D:11     | Noticed Josephine
 10038 | D:11     | Killed from afar by Josephine

Skill      XL: |  1  2  3  4  5  6  7  8  9 10 |
---------------+-------------------------------+-----
Axes           | 3 4 5 6 7 8 9 10 | 10.2
Invocations    | 3 4 5 6 7 |  7.4
Fighting       | 4 6 7 8 |  8.6
Armour         | 4 6 7 8 |  8.4
Dodging        | 1 2 3 5 6 |  6.7
Shields        | 4 5 7 8 |  8.5

Action                   |  1- 3 |  4- 6 |  7- 9 | 10-12 || total
-------------------------+-------+-------+-------+-------++-------
Melee: War axe           |    85 |   125 |   472 |   254 ||   936
       Headbutt          |     6 |    17 |    96 |    61 ||   180
       Hand axe          |       |       |       |    43 ||    43
Invok: Lesser Servant of |       |       |       |     2 ||     2
  Use: Potion            |       |     1 |       |     2 ||     3
       Scroll            |       |       |       |     6 ||     6
  Eat: Chunk             |     2 |     5 |    11 |     6 ||    24
       Ration            |       |       |     2 |       ||     2
Armor: Scale mail        |    41 |       |       |       ||    41
       Chain mail        |     5 |    58 |   203 |   139 ||   405
Dodge: Dodged            |    25 |    21 |    90 |    62 ||   198
Block: Shield            |    41 |    58 |    14 |       ||   113
       Large shield      |       |       |   342 |   252 ||   594
